 Dungeon Crawl Stone Soup version 0.24.0-37-gcf1ca852f1 (webtiles) character file.

Game seed: 6287251733821166271, levelgen mode: deterministic

74 lepoulpe303 the Unweaver (level 4, -4/35 HPs)
             Began as a Demonspawn Abyssal Knight on Nov 26, 2019.
             Was a Follower of Lugonu.
             Killed from afar by Natasha (7 damage)
             ... with a magic dart
             ... on level 2 of the Dungeon.
             The game lasted 00:05:33 (2518 turns).

lepoulpe303 the Unweaver (DsAK)                     Turns: 2518, Time: 00:05:34

Health: -4/35      AC:  5    Str: 13    XL:     4   Next: 9%
Magic:  6/6        EV: 11    Int: 13    God:    Lugonu [*.....]
Gold:   120        SH:  0    Dex: 13    Spells: 3/3 levels left

rFire    . . .     SeeInvis .   a - +1 falchion
rCold    . . .     Gourm    .   (no shield)
rNeg     . . .     Faith    .   b - +0 leather armour
rPois    .         Spirit   .   c - +0 helmet
rElec    .         Reflect  .   (no cloak)
rCorr    .         Harm     .   (no gloves)
MR       .....                  n - +0 pair of boots
Stlth    ++........             (no amulet)
HPRegen  0.11/turn              (no ring)
MPRegen  0.10/turn              (no ring)

@: no status effects
A: nightstalker 1
a: Depart the Abyss, Renounce Religion


You were on level 2 of the Dungeon.
You worshipped Lugonu.
Lugonu was aware of your devotion.
You were not hungry.

You visited 1 branch of the dungeon, and saw 2 of its levels.
You visited the Abyss 1 time.

You collected 120 gold pieces.

Inventory:

Hand Weapons
 a - a +1 falchion (weapon)
Armour
 b - a +0 leather armour (worn)
 c - a +0 helmet (worn)
 n - a +0 pair of boots (worn)
Scrolls
 d - 3 scrolls of identify {unknown}
 g - 2 scrolls of teleportation {unknown}
 i - 3 scrolls of immolation {unknown}
 k - a scroll of blinking {unknown}
 m - a scroll of fog {unknown}
 p - a scroll of amnesia {unknown}
 q - a scroll of fear {unknown}
Potions
 h - a potion of lignification {unknown}
 j - a potion of resistance {unknown}
 l - 2 potions of mutation {unknown}
 o - a potion of flight {unknown}
 r - a potion of brilliance {unknown}
Comestibles
 e - 3 rations


   Skills:
 * Level 3.5 Fighting
 * Level 2.5 Long Blades
 + Level 2.2 Armour
 + Level 1.3 Dodging
 * Level 3.5 Invocations


You had 3 spell levels left.
You didn't know any spells.
Your spell library was empty.

Dungeon Overview and Level Annotations

Branches:
Dungeon (2/15)

Altars:

Annotations:
D:2 Natasha


Innate Abilities, Weirdness & Mutations

You are slightly more attuned to the shadows.


Message History

You hit Natasha. Natasha claws you. The white imp gestures at you.
The puff of frost hits you!
You take 10 damage, and have 22/35 hp.
MASSIVE DAMAGE!!
You completely miss Natasha.
Natasha stares at you and mumbles some strange words.
You resist with some effort. The white imp gestures at you.
The puff of frost hits you!
* * * LOW HITPOINT WARNING * * *
You take 7 damage, and have 15/35 hp.
You barely miss Natasha. Natasha claws you.
* * * LOW HITPOINT WARNING * * *
The white imp gestures at you. The puff of frost hits you!
* * * LOW HITPOINT WARNING * * *
Natasha stares at you and mumbles some strange words.
The magic dart hits you!
You die...

#.#.....#.##..# #.#.#<#
#####.............# #.#.#.#
......#.(...#.###.#####.#.#.#
#........[..#.............#.#####
......#.###.#..##.........#......
............................>####
#.##..####.#.........##..........
#.##...........5h###.#...........
#รท##.#####.#####@###.#.##########
#.<#.# #.#.........#.# # ####.#
#.#.###.#####.# # #.# #.#.# #.#
#.# # #.# #.#.# #.# #.####### #
#.# #.#.###.#####.#.....# #
####.#####.#...#.......#.###.# #
.w.#.......#...'.............# #
##.#########...#.......#.########


You could see Natasha and a white imp.

Levels and vault maps discovered:
D:1:      nagdon_arrival_double_spiral, layout_loops_corners
D:2:      layout_basic, uniq_natasha

Notes
Turn   | Place    | Note
-------+----------+-------------------------------------------
     0 | Abyss:1  | lepoulpe303 the Demonspawn Abyssal Knight began the quest
                  | for the Orb.
     0 | Abyss:1  | Reached XP level 1. HP: 18/18 MP: 2/2
    10 | Abyss:2  | Found a corrupted altar of Lugonu.
    14 | Abyss:2  | Noticed an orange demon
    36 | D:1      | Escaped the Abyss
    42 | D:1      | Identified a +0 helmet (You found it on level 2 of the
                  | Abyss)
   273 | D:1      | Identified a +0 club
   277 | D:1      | Reached * piety under Lugonu
   279 | D:1      | Reached skill level 1 in Dodging
   308 | D:1      | Reached skill level 2 in Long Blades
   313 | D:1      | Gained mutation: You are slightly more attuned to the
                  | shadows. [demonic ancestry]
   313 | D:1      | Reached XP level 2. HP: 22/24 MP: 4/4
   509 | D:1      | Identified a +0 dagger
   569 | D:1      | You fall into a shaft and drop 1 floor!
   585 | D:2      | Reached skill level 3 in Invocations
   601 | D:2      | Reached skill level 2 in Armour
   652 | D:1      | Identified a +0 dagger
   757 | D:1      | Identified a +0 club
   791 | D:1      | Identified a +0 club
  1005 | D:1      | Reached XP level 3. HP: 29/29 MP: 5/5
  1086 | D:1      | Identified a +0 pair of boots (You found it on level 1 of
                  | the Dungeon)
  1737 | D:2      | HP: 3/29 [worm (5)]
  1763 | D:2      | Identified a +0 dagger
  1811 | D:2      | Noticed Natasha
  1820 | D:2      | HP: 6/29 [worm (5)]
  2260 | D:2      | Reached XP level 4. HP: 30/35 MP: 6/6
  2518 | D:2      | HP: 3/35 [white imp/puff of frost[Natasha] (10)]
  2518 | D:2      | Killed from afar by Natasha

Table legend:
 A = Turns spent in this place as a percentage of turns spent in the entire game.
 B = Non-inter-level travel turns spent in this place as a percentage of non-inter-level travel turns spent in the entire game.
 C = Inter-level travel turns spent in this place as a percentage of turns spent in this place.
 D = Turns resting spent in this place as a percentage of non-inter-level travel turns spent in this place.
 E = Turns spent auto-exploring this place as a percentage of non-inter-level travel turns spent in this place.
 F = Non-inter-level travel turns spent in this place divided by the number of levels of this place that you've seen.
                   A       B       C       D       E      F
               +-------+-------+-------+-------+-------+----------------------
         Total | 100.0 | 100.0 |   6.8 |  23.9 |  52.2 | 586.5
       Dungeon |  98.6 |  98.5 |   6.9 |  24.3 |  53.0 | 1155.0
         Abyss |   1.4 |   1.5 |   0.0 |   0.0 |   0.0 |  18.0
               +-------+-------+-------+-------+-------+----------------------

Table legend:
 A = Kills in this place as a percentage of kills in entire the game.
 B = Kills by you in this place as a percentage of kills by you in the entire game.
 C = Kills by friends in this place as a percentage of kills by friends in the entire game.
 D = Other kills in this place as a percentage of other kills in the entire game.
 E = Experience gained in this place as a percentage of experience gained in the entire game.
 F = Experience gained in this place divided by the number of levels of this place that you have seen.
                   A       B       C       D       E      F
               +-------+-------+-------+-------+-------+----------------------
         Total | 100.0 | 100.0 |   N/A |   N/A | 100.0 |  26.5
       Dungeon | 100.0 | 100.0 |   N/A |   N/A | 100.0 |  53.0
               +-------+-------+-------+-------+-------+----------------------

Skill      XL: |  1  2 |
---------------+-------+-----
Dodging        | 1 |  1.3
Long Blades    | 2 |  2.5
Invocations    | 3 |  3.5
Armour         | 2 |  2.2
Fighting       | |  3.5

Action                   |  1- 3 |  4- 6 || total
-------------------------+-------+-------++-------
Melee: Falchion          |   130 |     5 ||   135
Invok: Depart the Abyss  |     1 |       ||     1
 Stab: Sleeping          |     7 |       ||     7
  Eat: Chunk             |     4 |     1 ||     5
Armor: Leather armour    |    50 |       ||    50
Dodge: Dodged            |    74 |     1 ||    75
       Rpst.: Falchion   |    16 |       ||    16

Vanquished Creatures
  3 adders (D:2)
  A worm (D:2)
  An orc (D:2)
  A giant cockroach (D:1)
  8 goblins
  8 hobgoblins
  2 jackals (D:1)
  A quokka (D:2)
  2 ball pythons (D:2)
  6 bats
  A frilled lizard (D:1)
  2 kobolds (D:1)
  7 rats
43 creatures vanquished.
